Map: Inside and Out

Players

Jinioh

  • Race: Terran Terran
  • Spawn Location: 7:00

Elazer - Winner!

  • Race: Zerg Zerg
  • Spawn Location: 1:00

Event: DreamHack SC2 Masters 2022 Atlanta (Offline)

VOD

Have the link to the VOD?

Description

Time

  • Played on: Nov. 18, 2022, 10:56 a.m.
  • Length: 9:15

All games in this series

Show
View Real Time Build Order
Export as new Build Order

Jinioh Terran 

Build Orders: Reaper Expand, Hellion Banshee 

Get SALT Encoding   

  12  0:00  SCV  
  13  0:12  SCV  
  14  0:17  Supply Depot  
  14  0:24  SCV  
  15  0:38  SCV  
  15  0:39  Barracks  
  15  0:42  Refinery  
  16  0:50  SCV  
  17  1:03  SCV  
  18  1:15  SCV  
  19  1:26  Reaper  
  19  1:27  Orbital Command  
  20  1:39  Command Center  
  20  1:46  Supply Depot  
  20  1:54  SCV  
  21  1:58  Marine  
  22  2:06  SCV  
  22  2:08  Factory  
  23  2:18  SCV  
  23  2:19  Barracks Reactor  
  24  2:30  SCV  
  25  2:41  Command Center  
  25  2:42  SCV  
  26  2:52  Orbital Command  
  26  2:55  SCV  
  27  2:59  Starport  
  27  3:03  Refinery  
  27  3:06  Barracks Tech Lab  
  27  3:08  SCV  
  28  3:14  Hellion  
  28  3:18  Hellion  
  32  3:21  SCV  
  32  3:23  SCV  
  34  3:33  SCV  
  35  3:35  SCV  
  35  3:36  Hellion  
  35  3:40  Hellion  
  40  3:42  Banshee  
  40  3:45  SCV  
  40  3:47  SCV  
  45  3:53  Orbital Command  
  45  3:57  SCV  
  45  3:58  Hellion  
  45  3:59  SCV  
  45  4:01  Hellion  
  51  4:09  SCV  
  52  4:11  SCV, Cloaking Field  
  52  4:12  Barracks Tech Lab  
  52  4:14  Supply Depot  
  53  4:19  SCV  
  53  4:20  Hellion  
  53  4:21  SCV  
  53  4:22  Hellion  
  53  4:23  SCV  
  60  4:34  SCV  
  60  4:35  Supply Depot, Banshee  
  60  4:36  SCV  
  60  4:37  Supply Depot  
  65  4:46  SCV  
  65  4:47  Stimpack  
  65  4:48  SCV  
  65  4:49  Barracks  
  67  4:55  Barracks  
  67  4:57  Supply Depot, Marine  
  67  4:58  SCV, Factory Reactor  
  69  5:00  SCV  
  70  5:07  Engineering Bay  
  70  5:08  Refinery  
  70  5:10  SCV  
  70  5:12  Supply Depot, SCV  
  72  5:15  Refinery  
  72  5:17  Engineering Bay  
  72  5:20  Orbital Command  
  72  5:22  SCV  
  72  5:24  SCV  
  72  5:26  Marine  
  75  5:33  Barracks  
  75  5:34  SCV  
  75  5:35  Barracks  
  76  5:36  Marine  
  76  5:37  Marine  
  79  5:43  Marine, Starport Reactor  
  79  5:45  Siege Tank  
  83  5:54  Refinery, Marine x2  
  83  5:55  Marine x2  
  86  5:57  SCV  
  86  6:01  Marine  
  89  6:04  SCV  
  89  6:07  Terran Infantry Armor Level 1, Terran Infantry Weapons Level 1  
  89  6:10  Barracks  
  89  6:11  Barracks  
  89  6:12  Barracks, Marine x3, SCV  
  89  6:18  Siege Tank  
  96  6:22  Supply Depot  
  96  6:24  Supply Depot  
  96  6:27  Barracks Reactor x2  
  96  6:28  Marine  
  96  6:29  SCV  
  96  6:32  Marine x2  
  99  6:34  Combat Shield  
  99  6:36  Marine  
  101  6:43  Marine  
  101  6:44  Medivac  
  101  6:46  Medivac, Marine  
  107  6:50  Marine x2  
  109  6:54  Marine  
  109  6:55  Supply Depot  
  109  7:01  Marine  
  110  7:02  Supply Depot, Siege Tank  
  110  7:04  Marine  
  110  7:08  Marine x4  
  117  7:09  Marine  
  120  7:16  Marine  
  120  7:17  Marine  
  120  7:18  Supply Depot  
  120  7:19  Supply Depot  
  122  7:23  Armory, Marine x3  
  125  7:30  Supply Depot  
  125  7:33  Marine x6  
  125  7:34  Marine  
  125  7:35  Marine  
  133  7:40  Siege Tank  
  133  7:41  Marine x2  
  133  7:42  Marine  
  133  7:43  Marine  
  140  7:50  Marine x4  
  140  7:51  Marine  
  131  7:53  Marine  
  131  7:55  Marine  
  131  7:58  Marine  
  130  7:59  Marine  
  130  8:03  Marine  
  130  8:04  Marine  
  131  8:09  Marine x2  
  130  8:13  SCV  
  130  8:14  Marine  
  130  8:17  Marine  
  130  8:19  Marine  
  133  8:24  Marine x2  
  133  8:26  Marine  
  136  8:27  Marine  
  136  8:30  Marine x2  
  136  8:31  Marine  
  136  8:33  Marine  
  136  8:34  Marine  
  136  8:36  Marine x2  
  136  8:38  Marine  
  133  8:41  Marine x2  
  133  8:47  Marine x2  
  115  8:48  Marine x2  
  115  8:49  Marine  
  115  8:52  Marine  
  115  8:55  Marine x2  
Show
View Real Time Build Order
Export as new Build Order

Elazer Zerg - Winner!

Build Orders: Hatch First 

Get SALT Encoding   

  12  0:00  Drone  
  13  0:12  Overlord  
  13  0:17  Drone  
  14  0:30  Drone x2  
  16  0:48  Hatchery  
  15  0:50  Drone  
  15  0:54  Drone  
  18  0:57  Drone  
  18  1:08  Extractor  
  17  1:12  Spawning Pool  
  17  1:15  Drone  
  17  1:18  Drone  
  18  1:27  Drone  
  19  1:38  Drone  
  20  1:49  Drone  
  21  2:00  Queen x2  
  25  2:02  Zergling x4  
  27  2:11  Metabolic Boost, Drone  
  27  2:12  Overlord  
  28  2:29  Hatchery  
  27  2:34  Drone x2  
  27  2:35  Drone  
  30  2:40  Drone  
  31  2:44  Queen  
  31  2:49  Overlord  
  33  2:51  Drone  
  33  2:55  Drone  
  35  3:01  Drone  
  36  3:06  Overlord  
  36  3:10  Drone x4  
  40  3:15  Queen  
  42  3:21  Queen  
  42  3:25  Drone x2  
  42  3:27  Zergling x2  
  47  3:31  Overlord  
  47  3:37  Drone  
  48  3:42  Queen, Drone x4  
  48  3:47  Overlord  
  54  3:50  Queen  
  55  3:57  Drone x4  
  59  4:04  Overlord  
  59  4:07  Drone x4  
  63  4:17  Drone x6  
  69  4:21  Queen  
  69  4:22  Drone  
  69  4:23  Drone  
  73  4:25  Overlord  
  73  4:30  Queen  
  75  4:35  Zergling x6  
  75  4:37  Baneling Nest  
  77  4:40  Lair  
  77  4:42  Zergling x6  
  80  4:46  Overlord  
  80  4:51  Drone x2  
  82  4:53  Drone x3  
  82  4:54  Extractor  
  82  4:55  Extractor  
  82  4:58  Drone x3  
  86  5:03  Overlord  
  86  5:05  Spore Crawler  
  86  5:06  Spore Crawler, Drone  
  89  5:07  Drone x4  
  89  5:11  Spore Crawler  
  89  5:12  Drone  
  89  5:16  Extractor x2  
  89  5:17  Zergling x2  
  89  5:18  Zergling x2  
  89  5:23  Zergling x2  
  89  5:24  Baneling x3  
  89  5:26  Zergling x8  
  94  5:29  Overlord  
  94  5:35  Extractor  
  92  5:38  Drone x4  
  92  5:42  Overlord  
  96  5:43  Drone x4  
  96  5:48  Spire  
  99  5:51  Overlord  
  99  5:57  Hatchery, Overlord  
  99  5:58  Centrifugal Hooks  
  99  5:59  Drone x2  
  99  6:01  Drone  
  101  6:09  Overseer  
  101  6:12  Zergling x16  
  101  6:13  Hatchery  
  101  6:15  Overlord  
  108  6:24  Overlord  
  108  6:28  Hatchery  
  108  6:32  Overlord  
  108  6:34  Zergling x20  
  118  6:50  Overlord  
  118  6:59  Mutalisk  
  118  7:00  Mutalisk x8  
  136  7:02  Zerg Flyer Weapons Level 1, Evolution Chamber  
  136  7:03  Evolution Chamber  
  132  7:15  Zergling x10  
  137  7:19  Baneling x5  
  137  7:22  Overlord  
  137  7:23  Drone x5  
  137  7:26  Drone  
  143  7:30  Baneling x3  
  143  7:34  Drone x7  
  150  7:41  Baneling x7  
  150  7:42  Baneling  
  150  7:43  Zergling x6  
  152  7:50  Drone x7  
  149  7:55  Drone x3  
  152  8:04  Drone x6  
  158  8:06  Extractor  
  158  8:07  Overlord  
  158  8:08  Extractor  
  158  8:10  Mutalisk x4  
  158  8:11  Overlord  
  158  8:12  Pneumatized Carapace  
  164  8:14  Overlord  
  164  8:15  Drone  
  164  8:16  Drone x2  
  165  8:22  Baneling x6  
  165  8:24  Zergling x4  
  167  8:31  Hatchery  
  167  8:33  Zergling x18  
  169  8:36  Baneling x8  
  169  8:40  Zergling x10  
  174  8:46  Zergling x14  
  177  8:49  Baneling x9  
  177  8:55  Zergling x16  
Tags
 
Add a new tag
Caveats
  • Supply blocks, unpowered buildings, or Contaminate may cause inaccurate times.
  • Supply counts are checked every 10 seconds.